 Dungeon Crawl Stone Soup version 0.25-a0-435-g4b9beb1024 (webtiles) character file.

Game seed: 11110552654810789436, levelgen mode: deterministic

23 ReteAZ the Digger (level 2, -3/17 HPs)
             Began as an Octopode Earth Elementalist on Jan 26, 2020.
             Slain by a hobgoblin
             ... wielding a +0 club
             ... led by Robin
              (9 damage)
             ... on level 2 of the Dungeon.
             The game lasted 00:01:29 (759 turns).

ReteAZ the Digger (Octopode Earth Elementalist)      Turns: 759, Time: 00:01:30

Health: -3/17      AC:  1    Str:  7    XL:     2   Next: 95%
Magic:  1/5        EV: 13    Int: 17    God:
Gold:   90         SH:  0    Dex: 12    Spells: 4/5 levels left

rFire    . . .     SeeInvis .   (no weapon)
rCold    . . .     Gourm    .   (no shield)
rNeg     . . .     Faith    .   (helmet restricted)
rPois    .         Spirit   .   (no amulet)
rElec    .         Reflect  .   (no ring)
rCorr    .         Harm     .   (no ring)
MR       .....                  (no ring)
Stlth    +++.......             (no ring)
HPRegen  0.05/turn              (no ring)
MPRegen  0.09/turn              (no ring)
                                (no ring)
                                (no ring)

@: no status effects
A: almost no armour, stealthy swim, amphibious, 8 rings, constrict 8, camouflage
1, gelatinous body 1
a: no special abilities


You were on level 2 of the Dungeon.
You were not hungry.

You visited 1 branch of the dungeon, and saw 2 of its levels.

You collected 90 gold pieces.

Inventory:

Missiles
 b - 74 stones (quivered)
Scrolls
 d - 4 scrolls of fog {unknown}
 g - a scroll of noise {unknown}
 h - 2 scrolls of enchant weapon {unknown}
 i - a scroll of enchant armour {unknown}
 j - a scroll of remove curse {unknown}
Potions
 e - a potion of flight {unknown}
 f - a potion of cancellation {unknown}
 k - a potion of agility {unknown}
Comestibles
 a - 3 chunks of flesh
 c - 4 rations


   Skills:
 - Level 2.0 Dodging
 + Level 3.2 Stealth
 + Level 2.3 Spellcasting
   Level 1.0 Transmutations
 * Level 3.5 Earth Magic


You had 4 spell levels left.
You knew the following spells:

 Your Spells              Type           Power        Failure   Level  Hunger
a - Sandblast             Erth           ##....       4%          1    #......

Your spell library contained the following spells:

 Spells                   Type           Power        Failure   Level  Hunger
 Passwall                 Tmut/Erth      #.......     11%         2    ###....
 Stone Arrow              Conj/Erth      #.....       26%         3    ###....
 Petrify                  Tmut/Erth      #.......     58%         4    #####..
 Lee's Rapid Deconstruct  Erth           ##........   75%         5    ######.


Dungeon Overview and Level Annotations

Branches:
Dungeon (2/15)

Altars:
Ru

Annotations:
D:2 Robin


Innate Abilities, Weirdness & Mutations

You cannot wear most types of armour.
You are very stealthy in the water. (Stealth+)
You are amphibious.
You can wear up to eight rings at the same time.
You can use your tentacles to constrict eight enemies at once.
Your skin changes colour to match your surroundings (Stealth+).
Your rubbery body absorbs attacks. (AC +1, EV +1)


Message History

The blast of sand hits the goblin.
You kill the goblin!
b - 75 stones Robin roars a battlecry!
The hobgoblin goes into a battle-frenzy!
The hobgoblin barely misses you.
You hear a shout!
Some of the chunks of flesh in your inventory have rotted away.
You see here a +0 dagger.
Casting: Sandblast (safe; 4% risk of failure)
Confirm with . or Enter, or press ? or * to list all spells.
Aiming: Sandblast (safe; 4% risk of failure)
Press: ? - help, Shift-Dir - straight line, f - hobgoblin
Aim: a hobgoblin, wielding a +0 club (unusually strong)
The blast of sand hits the hobgoblin.
The hobgoblin is heavily wounded.
b - 74 stones The hobgoblin hits you with a +0 club!
Ouch! That really hurt!
You die...

### ##g## #.#.##
#g###.##########
g.# ##g#.......#
#g##
##@##.#####.#######
# #.....# #........
#.###### #..#####.
## ##..#####.
##########......##.
#.......###.)##.##.
#.......####.##.##.
#.......#..........
#.......#.##.......


You could see a hobgoblin.

Vanquished Creatures
  A worm (D:2)
  2 bats
  A giant cockroach (D:2)
  6 goblins
  A hobgoblin (D:1)
  2 frilled lizards
  2 kobolds
  5 rats
20 creatures vanquished.

Notes
Turn   | Place    | Note
-------+----------+-------------------------------------------
     0 | D:1      | ReteAZ the Octopode Earth Elementalist began the quest for
                  | the Orb.
     0 | D:1      | Reached XP level 1. HP: 11/11 MP: 3/3
   226 | D:1      | Reached XP level 2. HP: 17/17 MP: 5/5
   663 | D:2      | Found a sacrificial altar of Ru.
   750 | D:2      | Noticed Robin
   759 | D:2      | Slain by a hobgoblin

Levels and vault maps discovered:
D:1:      dpeg_arrival_tiny_b, layout_rooms
D:2:      layout_loops_cross, lemuel_round_altar, lemuel_crystal_altar,
          chequers_mini_garden, grunt_qazlal_sundering, uniq_natasha, uniq_robin

Skill      XL: |  1 |
---------------+----+-----
Stealth        | 3 |  3.2
Dodging        | |  2.0
Spellcasting   | |  2.3
Transmutations | |  1.0
Earth Magic    | |  3.5

Action                   || total
-------------------------++-------
Melee: Unarmed           ||    42
       Tentacles         ||     6
       Constrict         ||    10
 Cast: Sandblast         ||     9
 Stab: Sleeping          ||     6
Armor: Skin              ||     5
Dodge: Dodged            ||    36

Table legend:
 A = Non-vault XP
 B = Vault XP
 C = Vault XP percentage of total XP
 D = Non-vault monster count
 E = Vault monster count
 F = Vault count percentage of total count
                 A         B        C        D         E       F
            +---------+---------+-------+---------+---------+-------
      Total |      25 |       8 |  24.2 |      16 |       4 |  20.0
            +---------+---------+-------+---------+---------+-------
        D:1 |      12 |       0 |   0.0 |       9 |       0 |   0.0
        D:2 |      13 |       8 |  38.1 |       7 |       4 |  36.4
            +---------+---------+-------+---------+---------+-------
